Map: Avalon Labs

Players

BewbZandwich - Winner!

  • Race: Zerg Zerg

Switters - Winner!

  • Race: Zerg Zerg
  • League: Diamond

Harlequin - Winner!

  • Race: Protoss Protoss

Manta

  • Race: Zerg Zerg
  • League: Silver

Njwboom

  • Race: Protoss Protoss
  • League: Diamond

Dallinger

  • Race: Terran Terran
  • League: Diamond

VOD

Have the link to the VOD?

Description

Time

  • Played on: Feb. 20, 2016, 12:16 a.m.
  • Length: 15:19
Show
View Real Time Build Order
Export as new Build Order

BewbZandwich Zerg - Winner!

Build Orders: Hatch First 

Get SALT Encoding   

  12  0:02  Drone  
  13  0:09  Drone  
  14  0:21  Overlord  
  14  0:41  Drone x3  
  17  0:52  Drone  
  18  1:05  Hatchery  
  18  1:07  Drone  
  18  1:15  Spawning Pool  
  17  1:20  Drone  
  17  1:23  Extractor  
  17  1:29  Drone  
  18  1:35  Drone  
  19  1:51  Drone  
  20  1:58  Drone  
  21  2:08  Drone  
  22  2:21  Overlord  
  22  2:25  Queen  
  22  2:29  Queen  
  26  2:34  Drone x2  
  26  2:35  Overlord  
  28  2:42  Roach Warren  
  28  2:44  Drone x2  
  28  2:49  Drone  
  28  2:50  Drone  
  31  3:05  Queen  
  33  3:07  Spore Crawler  
  33  3:09  Spore Crawler  
  33  3:11  Queen  
  33  3:17  Drone x2  
  33  3:18  Drone x2  
  37  3:40  Extractor  
  36  3:42  Roach  
  36  3:43  Roach x3  
  36  3:45  Overlord x3  
  44  3:48  Lair  
  44  3:52  Extractor  
  43  4:12  Spore Crawler  
  42  4:17  Drone x3  
  42  4:19  Roach x4  
  53  4:45  Glial Reconstitution  
  53  4:48  Overlord x2  
  51  5:09  Roach x5  
  59  5:14  Drone  
  59  5:15  Drone  
  59  5:16  Drone  
  59  5:18  Extractor  
  59  5:19  Drone x3  
  59  5:20  Drone x2  
  62  5:56  Overlord x2  
  60  6:14  Queen  
  42  7:04  Overlord  
  42  7:05  Overlord x2  
  33  7:16  Spore Crawler  
  33  7:22  Queen x2  
  32  7:33  Spore Crawler  
  31  7:39  Drone  
  31  7:40  Drone x4, Spore Crawler  
  31  7:44  Spire  
  34  7:55  Drone x2  
  34  7:57  Overlord  
  34  7:58  Overlord  
  36  8:23  Spore Crawler  
  35  8:41  Drone  
  35  8:42  Drone x12  
  35  8:46  Hatchery  
  47  8:51  Spore Crawler  
  46  8:57  Zerg Flyer Weapons Level 1  
  46  8:58  Corruptor x2  
  50  9:04  Zergling x4  
  52  9:16  Overlord  
  52  9:17  Overlord x3  
  52  9:33  Spore Crawler  
  52  9:36  Drone  
  52  9:37  Drone x4  
  56  9:43  Corruptor x4  
  62  10:19  Corruptor  
  62  10:20  Corruptor x7  
  78  10:35  Metabolic Boost  
  78  10:51  Zerg Flyer Armor Level 1  
  74  11:17  Zergling x12  
  74  11:18  Zergling x6  
  81  11:31  Infestation Pit  
  80  11:34  Extractor  
  80  11:37  Drone x3, Extractor  
  82  11:40  Drone  
  82  11:41  Overlord  
  82  11:42  Overlord x3  
  78  12:06  Corruptor x9  
  78  12:07  Corruptor x6  
  81  13:42  Overlord x4  
  81  13:43  Overlord x2  
  80  14:03  Hive  
  80  14:08  Zergling x18  
  62  15:01  Hatchery  
Show
View Real Time Build Order
Export as new Build Order

Switters Zerg - Winner!

Build Orders: Hatch First 

Get SALT Encoding   

  12  0:01  Drone  
  13  0:15  Overlord  
  13  0:18  Drone  
  14  0:33  Drone  
  14  0:34  Drone  
  16  0:37  Drone  
  17  0:48  Drone  
  18  1:00  Drone  
  19  1:06  Hatchery  
  19  1:07  Extractor  
  19  1:09  Drone  
  18  1:25  Drone, Spawning Pool  
  18  1:34  Drone  
  19  1:42  Drone  
  20  1:56  Overlord  
  20  2:03  Drone  
  21  2:13  Metabolic Boost  
  21  2:14  Queen  
  23  2:16  Zergling x2  
  23  2:17  Queen  
  23  2:19  Drone  
  27  2:24  Drone  
  28  2:30  Drone  
  29  2:44  Baneling Nest  
  28  2:46  Drone x3  
  28  2:49  Overlord  
  31  3:02  Drone x2  
  33  3:09  Drone  
  33  3:12  Spore Crawler  
  33  3:13  Spore Crawler  
  33  3:17  Drone  
  33  3:29  Zergling x2  
  33  3:30  Zergling x8  
  38  3:39  Zergling x4  
  40  3:45  Hatchery  
  40  3:47  Overlord  
  39  3:54  Overlord  
  39  4:05  Spore Crawler  
  38  4:10  Spore Crawler  
  38  4:12  Queen  
  38  4:13  Zergling x10  
  38  4:16  Overlord  
  43  4:20  Overlord  
  43  4:33  Overlord  
  43  4:36  Overlord  
  43  4:48  Zergling x2  
  43  4:49  Zergling x14  
  48  5:21  Baneling  
  48  5:22  Baneling x6  
  48  5:24  Zergling x2  
  48  5:25  Zergling x12  
  49  5:37  Lair  
  49  5:38  Drone x2  
  49  5:39  Drone  
  49  5:40  Drone x4  
  49  5:41  Drone x3  
  59  5:43  Extractor  
  59  5:46  Extractor  
  56  5:52  Spore Crawler  
  52  6:23  Drone x3  
  52  6:25  Extractor  
  50  6:26  Drone x4  
  50  6:27  Drone  
  48  6:34  Spore Crawler, Overlord  
  48  6:38  Spire  
  48  6:39  Drone  
  45  6:40  Drone x6  
  45  6:41  Spore Crawler  
  50  6:54  Spore Crawler  
  50  6:58  Drone  
  50  6:59  Drone  
  51  7:02  Drone  
  51  7:03  Drone x3  
  51  7:06  Extractor  
  54  7:08  Extractor  
  54  7:10  Overlord  
  53  7:16  Spore Crawler  
  52  7:25  Drone  
  52  7:26  Drone x4  
  52  7:27  Drone, Spore Crawler  
  57  7:31  Overlord  
  57  7:53  Mutalisk x8  
  57  7:54  Mutalisk  
  57  7:57  Zerg Flyer Weapons Level 1  
  75  8:04  Drone x4  
  79  8:07  Mutalisk  
  81  8:19  Hydralisk Den  
  80  8:20  Drone  
  80  8:21  Drone x2  
  80  8:22  Drone x3  
  86  8:35  Overlord  
  86  8:42  Hydralisk Den  
  86  8:44  Drone x3  
  86  8:46  Drone x2, Spore Crawler  
  86  8:48  Overlord  
  89  8:53  Muscular Augments  
  89  9:17  Hydralisk  
  89  9:18  Hydralisk x11  
  113  9:26  Overlord x3  
  113  9:30  Drone  
  112  9:42  Hydralisk  
  114  9:48  Hydralisk x9  
  124  10:02  Hydralisk x2  
  124  10:03  Hydralisk x3  
  124  10:18  Infestation Pit  
  123  10:25  Evolution Chamber x2  
  121  10:38  Overlord x4  
  121  10:42  Pneumatized Carapace  
  121  10:51  Hatchery  
  120  10:57  Pathogen Glands  
  120  11:01  Zerg Ground Armor Level 1, Zerg Missile Weapons Level 1  
  120  11:40  Infestor  
  120  11:41  Infestor x5  
  120  11:44  Hive  
  132  11:47  Zerg Flyer Weapons Level 2  
  132  11:53  Drone x4  
  132  11:54  Drone x8  
  144  12:03  Queen  
  144  12:06  Hydralisk x5  
  156  12:10  Neural Parasite  
  156  12:13  Hydralisk x3  
  156  12:14  Hydralisk  
  164  12:28  Zergling x2  
  164  12:29  Extractor  
  164  12:31  Extractor  
  164  12:33  Burrow  
  163  12:39  Overseer  
  163  12:40  Overseer x2  
  161  13:15  Viper x4  
  140  14:27  Hydralisk x3  
  140  14:28  Hydralisk x14  
  174  14:33  Extractor  
  174  14:36  Hatchery, Extractor  
  171  14:47  Overlord x2  
  171  14:48  Overlord x3  
Show
View Real Time Build Order
Export as new Build Order

Harlequin Protoss - Winner!

Build Orders: Oracle Opening 

Get SALT Encoding   

  12  0:01  Probe (Chrono Boost)  
  13  0:13  Pylon  
  13  0:23  Probe (Chrono Boost)  
  14  0:32  Gateway  
  14  0:40  Probe (Chrono Boost)  
  15  0:43  Assimilator  
  15  0:53  Probe (Chrono Boost)  
  16  0:58  Pylon  
  16  1:07  Probe (Chrono Boost)  
  17  1:18  Probe (Chrono Boost)  
  18  1:21  Cybernetics Core  
  18  1:23  Assimilator  
  18  1:28  Probe (Chrono Boost)  
  19  1:40  Probe (Chrono Boost)  
  20  1:52  Probe (Chrono Boost)  
  21  1:59  Stargate  
  21  2:05  Warp Gate (Chrono Boost)  
  21  2:07  Probe  
  22  2:23  Probe  
  22  2:28  Nexus  
  23  2:30  Pylon  
  23  2:42  Oracle (Chrono Boost)  
  26  3:08  Pylon  
  26  3:12  Fleet Beacon  
  26  3:15  Forge  
  26  3:19  Oracle (Chrono Boost)  
  29  3:40  Pylon  
  29  3:50  Photon Cannon  
  29  3:57  Probe  
  29  3:58  Probe  
  29  4:01  Photon Cannon  
  31  4:06  Pylon  
  31  4:11  Photon Cannon  
  31  4:14  Probe (Chrono Boost)  
  32  4:18  Probe (Chrono Boost)  
  33  4:41  Probe x2 (Chrono Boost)  
  32  4:56  Probe x2 (Chrono Boost)  
  31  5:07  Photon Cannon  
  31  5:09  Assimilator  
  31  5:10  Probe (Chrono Boost)  
  31  5:11  Probe (Chrono Boost)  
  31  5:13  Assimilator  
  33  5:19  Gateway  
  33  5:20  Gateway  
  33  5:21  Pylon  
  33  5:26  Pylon  
  33  5:29  Probe x2 (Chrono Boost)  
  33  5:33  Stalker  
  37  5:45  Robotics Facility  
  37  5:48  Probe x2 (Chrono Boost)  
  39  5:59  Probe x2 (Chrono Boost)  
  41  6:05  Oracle  
  44  6:15  Mothership Core (Chrono Boost)  
  46  6:20  Stalker  
  46  6:22  Stalker  
  50  6:27  Protoss Ground Weapons Level 1  
  50  6:37  Photon Cannon  
  50  6:51  Stalker  
  50  6:52  Stalker x2  
  48  7:16  Probe x2 (Chrono Boost)  
  48  7:22  Robotics Bay  
  46  7:26  Robotics Facility  
  46  7:28  Pylon, Probe x2 (Chrono Boost)  
  48  7:30  Stalker x2  
  48  7:31  Stalker  
  54  7:56  Stalker x3  
  53  8:16  Colossus x2  
  53  8:18  Extended Thermal Lance (Chrono Boost)  
  65  8:25  Stalker  
  65  8:26  Stalker x2  
  71  8:30  Probe x2 (Chrono Boost)  
  73  8:42  Protoss Ground Armor Level 1  
  73  8:58  Probe  
  73  9:00  Probe  
  75  9:10  Colossus x2  
  84  9:36  Photon Cannon  
  84  9:40  Photon Cannon  
  84  9:43  Pylon  
  84  9:48  Pylon  
  84  9:49  Nexus  
  84  9:54  Pylon  
  84  10:07  Colossus x2  
  96  10:17  Twilight Council  
  96  10:19  Pylon  
  96  10:44  Protoss Shields Level 1  
  96  10:56  Photon Cannon  
  96  11:00  Photon Cannon  
  96  11:03  Probe (Chrono Boost)  
  97  11:04  Photon Cannon  
  97  11:07  Photon Cannon  
  97  11:13  Probe (Chrono Boost)  
  98  11:24  Probe (Chrono Boost)  
  99  11:34  Colossus x2  
  99  11:35  Stalker  
  99  11:36  Stalker x2  
  117  11:44  Pylon  
  117  12:04  Assimilator  
  117  12:07  Assimilator  
  117  12:10  Stalker x3  
  90  13:40  Stalker x3  
Show
View Real Time Build Order
Export as new Build Order

Manta Zerg 

Build Orders: Hatch First 

Get SALT Encoding   

  12  0:06  Drone  
  13  0:32  Hatchery  
  12  0:41  Drone x2  
  14  1:08  Hatchery  
  13  1:34  Hatchery  
  13  1:39  Drone  
  13  1:46  Overlord  
  13  1:51  Extractor  
  12  2:07  Spawning Pool  
  11  2:16  Drone x2  
  13  2:27  Drone  
  13  2:29  Drone  
  15  2:36  Extractor  
  14  2:39  Drone  
  15  2:51  Drone x2  
  16  2:54  Drone  
  16  2:58  Drone  
  19  3:04  Drone  
  20  3:10  Drone  
  20  3:12  Drone  
  22  3:22  Lair  
  22  3:30  Drone x2  
  22  3:33  Drone  
  25  3:35  Drone  
  25  3:39  Drone  
  27  3:43  Drone  
  27  3:46  Drone  
  29  3:50  Drone  
  29  3:51  Drone  
  32  3:55  Drone  
  32  3:59  Drone  
  32  4:00  Drone  
  34  4:03  Drone  
  34  4:04  Drone  
  34  4:09  Drone x2  
  38  4:11  Drone  
  38  4:14  Extractor  
  38  4:16  Drone, Extractor  
  38  4:17  Drone  
  39  4:20  Overlord  
  39  4:30  Spire  
  38  4:32  Drone  
  38  4:33  Drone  
  40  4:38  Pneumatized Carapace  
  40  4:39  Drone x2  
  40  4:42  Overlord  
  42  4:50  Drone x3  
  42  4:51  Drone  
  46  4:53  Drone  
  46  4:55  Drone  
  46  4:59  Overlord  
  48  5:03  Drone x2  
  47  5:12  Zergling x8  
  47  5:13  Zergling x2  
  33  5:47  Mutalisk x6  
  42  5:52  Extractor  
  42  5:55  Drone x5, Extractor  
  45  6:00  Extractor  
  44  6:10  Mutalisk  
  46  6:45  Drone x9, Spawning Pool  
  54  7:20  Drone x2  
  54  7:21  Drone x2  
  58  7:23  Overlord x3  
  58  7:27  Hatchery  
  57  8:04  Drone  
  57  8:05  Drone x2  
  60  8:12  Lair, Extractor  
  59  8:17  Drone x2  
  59  8:18  Drone x5  
  66  8:49  Drone x4  
  66  8:54  Drone x3  
  66  8:55  Drone  
  74  8:57  Drone  
  74  8:59  Drone x2  
  74  9:00  Queen  
  74  9:01  Queen  
  81  9:05  Queen  
  83  9:11  Queen  
  83  9:16  Spire  
  84  9:17  Drone x4  
  88  9:25  Overlord x3  
  84  9:48  Drone x5  
  84  9:49  Drone  
  84  9:50  Drone x6  
  96  10:01  Hatchery  
  95  10:28  Mutalisk x2  
  95  10:29  Mutalisk x6  
  95  10:32  Overlord x3  
  95  10:33  Overlord x3  
  111  10:50  Queen  
  111  10:51  Hatchery  
  111  10:52  Queen  
  111  10:53  Mutalisk  
  111  10:54  Hatchery, Mutalisk x13  
  111  10:55  Mutalisk x5  
  151  11:01  Drone  
  151  11:03  Drone  
  153  11:05  Hatchery, Queen  
  153  11:07  Overlord  
  153  11:08  Overlord  
  154  11:15  Queen  
  154  11:16  Drone  
  157  11:29  Mutalisk  
  157  11:30  Mutalisk x7  
  157  11:31  Mutalisk x4  
  181  11:56  Overlord x5  
  181  12:18  Queen  
  181  12:21  Hatchery  
  182  12:32  Drone x3  
  182  12:34  Drone x4  
  182  12:36  Drone x2  
  182  12:37  Drone x4  
  193  12:40  Extractor  
  184  13:14  Mutalisk x2  
  184  13:15  Mutalisk x6  
  195  13:45  Mutalisk  
  195  13:46  Mutalisk x8  
  195  13:47  Mutalisk x2  
  195  13:48  Mutalisk x3  
  197  13:49  Mutalisk x6  
  197  13:50  Mutalisk x4  
  197  13:51  Mutalisk x2  
  197  13:52  Mutalisk x2  
  197  13:53  Mutalisk x2  
  148  14:26  Mutalisk x6  
  148  14:27  Mutalisk x9  
  148  14:28  Mutalisk x6  
  172  14:41  Mutalisk  
  172  14:42  Mutalisk x6  
Show
View Real Time Build Order
Export as new Build Order

Njwboom Protoss 

Build Orders: Phoenix Opening 

Get SALT Encoding   

  12  0:01  Probe (Chrono Boost)  
  13  0:11  Probe (Chrono Boost)  
  14  0:19  Pylon  
  14  0:22  Probe (Chrono Boost)  
  15  0:37  Probe (Chrono Boost)  
  15  0:41  Gateway  
  16  0:42  Assimilator  
  16  0:49  Assimilator  
  16  0:51  Probe (Chrono Boost)  
  17  1:03  Probe (Chrono Boost)  
  18  1:13  Probe (Chrono Boost)  
  19  1:19  Pylon  
  19  1:29  Cybernetics Core  
  19  1:31  Probe (Chrono Boost)  
  20  1:42  Probe (Chrono Boost)  
  21  1:53  Probe (Chrono Boost)  
  22  1:57  Pylon  
  22  2:17  Stargate x2  
  22  2:56  Probe (Chrono Boost)  
  23  3:02  Phoenix x2  
  27  3:10  Nexus  
  27  3:17  Pylon  
  27  3:21  Pylon  
  27  3:27  Phoenix  
  27  3:28  Phoenix  
  31  3:53  Assimilator  
  31  3:55  Phoenix  
  33  3:57  Assimilator  
  33  4:07  Phoenix  
  35  4:32  Phoenix  
  37  4:43  Phoenix  
  38  4:50  Probe (Chrono Boost)  
  36  5:00  Probe (Chrono Boost)  
  37  5:11  Probe (Chrono Boost)  
  38  5:23  Mothership Core (Chrono Boost)  
  38  5:49  Phoenix  
  40  5:51  Probe (Chrono Boost)  
  41  6:02  Probe (Chrono Boost)  
  42  6:07  Phoenix  
  44  6:12  Probe (Chrono Boost)  
  45  6:19  Phoenix  
  45  6:23  Probe (Chrono Boost)  
  46  6:33  Probe (Chrono Boost)  
  47  6:43  Phoenix  
  47  6:44  Phoenix, Probe (Chrono Boost)  
  52  6:54  Probe (Chrono Boost)  
  49  7:05  Probe (Chrono Boost)  
  50  7:08  Phoenix  
  50  7:14  Phoenix  
  54  7:33  Phoenix  
  54  7:36  Probe (Chrono Boost)  
  55  7:39  Probe (Chrono Boost)  
  56  7:47  Probe (Chrono Boost)  
  56  7:50  Probe (Chrono Boost)  
  58  7:54  Fleet Beacon  
  58  7:57  Pylon, Probe (Chrono Boost)  
  59  8:00  Probe (Chrono Boost)  
  60  8:08  Probe (Chrono Boost)  
  60  8:11  Probe (Chrono Boost)  
  60  8:15  Phoenix x2  
  60  8:18  Probe (Chrono Boost)  
  65  8:21  Probe (Chrono Boost)  
  66  8:31  Probe (Chrono Boost)  
  66  8:33  Probe (Chrono Boost)  
  68  8:42  Probe (Chrono Boost)  
  69  8:52  Probe (Chrono Boost)  
  70  9:03  Probe (Chrono Boost)  
  71  9:13  Probe (Chrono Boost)  
  72  9:21  Carrier, Nexus  
  72  9:23  Assimilator  
  78  9:24  Pylon  
  78  9:25  Assimilator  
  78  9:27  Pylon  
  78  9:29  Pylon  
  78  9:36  Anion Pulse-Crystals (Chrono Boost)  
  78  9:38  Protoss Air Weapons Level 1  
  76  9:49  Probe  
  76  9:50  Probe  
  76  10:07  Probe  
  76  10:09  Probe  
  76  10:12  Carrier (Chrono Boost)  
  84  10:18  Probe  
  84  10:21  Probe  
  86  10:24  Stargate  
  86  10:33  Graviton Catapult (Chrono Boost)  
  86  10:47  Carrier (Chrono Boost)  
  86  10:49  Stargate  
  67  11:25  Carrier (Chrono Boost)  
  65  11:44  Pylon  
  65  11:48  Pylon  
  65  12:02  Protoss Air Weapons Level 2  
  65  12:07  Pylon  
  71  12:17  Carrier (Chrono Boost)  
  77  12:38  Carrier (Chrono Boost)  
  51  13:31  Carrier (Chrono Boost)  
  57  13:42  Carrier (Chrono Boost)  
Show
View Real Time Build Order
Export as new Build Order

Dallinger Terran 

Build Orders: MMM Bio 

Get SALT Encoding   

  12  0:01  SCV  
  13  0:13  SCV  
  14  0:19  Supply Depot  
  14  0:25  SCV  
  15  0:41  SCV  
  16  0:42  Barracks  
  16  0:53  SCV  
  16  0:54  Refinery  
  17  1:05  SCV  
  18  1:17  SCV  
  19  1:33  Orbital Command, Barracks  
  19  1:40  Supply Depot  
  19  1:43  Barracks Reactor  
  19  1:59  SCV  
  20  2:04  Refinery  
  20  2:19  Supply Depot  
  20  2:20  Marine x2  
  20  2:21  Barracks Tech Lab  
  22  2:25  Factory, SCV  
  23  2:37  SCV  
  24  2:50  Command Center, SCV  
  25  2:53  Stimpack  
  25  3:02  Barracks  
  25  3:13  Starport  
  25  3:16  Factory Reactor  
  25  3:33  Marine x3  
  28  3:40  Engineering Bay  
  28  3:45  Supply Depot  
  28  3:57  Barracks Reactor  
  28  3:59  Starport Reactor  
  28  4:05  Orbital Command  
  28  4:16  Marine x3  
  27  4:35  Marine x4  
  25  4:49  SCV  
  24  5:00  SCV  
  1  6:27  Orbital Command  
  3  6:51  Orbital Command  
    7:22  SCV x2  
  2  7:47  SCV x2  
  4  7:55  Barracks Tech Lab x2  
  4  7:56  Barracks Reactor  
  4  7:59  Factory Reactor, Starport Reactor, SCV x2  
  6  8:11  SCV  
  6  8:12  SCV  
  8  8:16  Combat Shields  
  8  8:24  SCV x2  
  10  8:36  SCV x2  
  12  8:48  Medivac x2, SCV x2  
  16  8:49  Marine x4  
  22  9:00  SCV x2  
  24  9:06  Marine  
  24  9:07  Supply Depot, Marine x3  
  28  9:10  Bunker  
  28  9:15  Refinery  
  28  9:22  Refinery  
  28  9:30  SCV  
  28  9:31  SCV  
  30  9:40  Supply Depot  
  30  9:46  Supply Depot  
  28  10:11  SCV x2  
  30  10:19  Armory  
  30  10:23  SCV x2  
  30  10:25  Engineering Bay  
  32  10:35  SCV x2  
  34  10:47  SCV x2  
  36  10:52  Concussive Shells  
  36  10:59  SCV x2  
  36  11:03  Bunker  
  38  11:07  Missile Turret  
  38  11:11  SCV  
  39  11:22  Terran Infantry Armor Level 1, Terran Infantry Weapons Level 1  
  39  11:23  Terran Vehicle And Ship Armor Level 1  
  39  11:32  Medivac x2  
  43  11:42  Marine x2  
  43  11:44  Marauder  
  43  11:45  Marauder  
  49  12:19  Medivac x2  
  49  12:20  Barracks x2  
  53  12:23  SCV x2  
  55  12:35  SCV x2  
Tags
 
Add a new tag
Caveats
  • Supply blocks, unpowered buildings, or Contaminate may cause inaccurate times.
  • Supply counts are checked every 10 seconds.